 Dungeon Crawl Stone Soup version 0.21.1-1-g345015f (webtiles) character file.

294 Monsterracer the Insei (level 6, -2/38 HPs)
             Began as an Octopode Transmuter on Feb 13, 2018.
             Slain by a wight
             ... wielding a +0 trident
              (8 damage)
             ... on level 4 of the Dungeon.
             The game lasted 00:03:35 (2284 turns).

Monsterracer the Insei (Octopode Transmuter)        Turns: 2284, Time: 00:03:36

Health: -2/38      AC:  1    Str: 10    XL:     6   Next: 34%
Magic:  9/9        EV: 13    Int: 17    God:
Gold:   210        SH:  0    Dex: 12    Spells: 3/9 levels left

rFire    . . .     SeeInvis .     - Unarmed
rCold    . . .     Gourm    .   (no shield)
rNeg     + . .     Faith    .   (helmet restricted)
rPois    .         Spirit   .   d - amulet of regeneration
rElec    .         Reflect  .   t - ring of positive energy {!d}
rCorr    .         Harm     .   (no ring)
MR       .....                  (no ring)
Stlth    +++.......             (no ring)
HPRegen  0.52/turn              (no ring)
MPRegen  0.11/turn              (no ring)
                                (no ring)
                                (no ring)

@: drained
A: almost no armour, stealthy swim, amphibious, 8 rings, constrict 8, camouflage
1, gelatinous body 1
a: no special abilities


You were on level 4 of the Dungeon.
You were not hungry.

You visited 1 branch of the dungeon, and saw 4 of its levels.

You collected 210 gold pieces.

Inventory:

Missiles
 a - 107 arrows
Jewellery
 d - an amulet of regeneration (around mantle)
 t - a ring of positive energy (left tentacle) {!d}
Scrolls
 e - 3 scrolls of magic mapping {unknown}
 g - 2 scrolls of enchant weapon {unknown}
 h - 2 scrolls of enchant armour {unknown}
 l - a scroll of remove curse {unknown}
 o - 3 scrolls of fog {unknown}
 p - a scroll of random uselessness {unknown}
 q - a scroll of noise {unknown}
 r - a scroll of identify {unknown}
Potions
 f - 2 potions of curing {unknown}
 i - a potion of flight {unknown}
 j - 3 potions of lignification {unknown}
 k - 2 potions of agility {unknown}
 m - a potion of heal wounds {unknown}
 n - a potion of haste
 s - a potion of berserk rage {unknown}
Books
 b - a book of Changes

   Spells                             Type                      Level
   a - Beastly Appendage              Transmutation                1
   b - Sticks to Snakes               Transmutation                2
   c - Spider Form                    Transmutation/Poison         3
   d - Ice Form                       Ice/Transmutation            4
   e - Blade Hands                    Transmutation                5
Comestibles
 c - 5 rations
 u - a chunk of flesh


   Skills:
 - Level 1.0(0.4) Fighting
 - Level 2.0(1.4) Dodging
 - Level 4.0(3.4) Stealth
 + Level 4.8(4.2) Unarmed Combat
 - Level 2.0(1.4) Spellcasting
 + Level 4.2(3.6) Transmutations


You had 3 spell levels left.
You knew the following spells:

 Your Spells              Type           Power        Failure   Level  Hunger
a - Beastly Appendage     Tmut           ##....       4%          1    ##.....
b - Sticks to Snakes      Tmut           ##......     7%          2    ###....
c - Spider Form           Tmut/Pois      #.........   28%         3    ####...


Dungeon Overview and Level Annotations

Branches:
Dungeon (4/15)
 Temple: D:4-7

Altars:
Sif Muna
Yredelemnul


Innate Abilities, Weirdness & Mutations

You cannot wear most types of armour.
You are very stealthy in the water. (Stealth+)
You are amphibious.
You can wear up to eight rings at the same time.
You can use your tentacles to constrict eight enemies at once.
Your skin changes colour to match your surroundings (Stealth+).
Your rubbery body absorbs attacks. (AC +1, EV +1)


Message History

The frilled lizard hisses angrily.
The worker ant misses you.
You tentacle-slap the worker ant. Your grab misses the worker ant.
You squeeze the worker ant!
The worker ant is heavily wounded.
The worker ant misses you.
You closely miss the worker ant. You grab the worker ant.
The worker ant is heavily wounded.
You constrict the worker ant, but do no damage.
The worker ant bites you. The frilled lizard closely misses you.
You take 1 damage, and have 37/38 hp.
You tentacle-slap the worker ant.
The worker ant is severely wounded.
You constrict the worker ant, but do no damage.
The worker ant bites you.
The frilled lizard completely misses you.
You tentacle-slap the worker ant.
You kill the worker ant!
The frilled lizard barely misses you.
You closely miss the frilled lizard. You grab the frilled lizard.
You constrict the frilled lizard. The frilled lizard barely misses you.
Health restored: 38 You tentacle-slap the frilled lizard.
You kill the frilled lizard!
t - an onyx ring Put on which piece of jewellery? (? for menu, Esc to quit)
t - a ring of positive energy (left tentacle)
Found a ring mail.
A giant cockroach comes into view.
A giant cockroach is nearby!
A giant cockroach is nearby!
The helpless giant cockroach fails to defend itself.
You tentacle-slap the giant cockroach.
You kill the giant cockroach!
No target in view!
You are feeling hungry.
No target in view!
You butcher the giant cockroach corpse.
u - 2 chunks of flesh Eating one of 2 chunks of flesh.
You eat one of the 2 chunks of flesh.
This raw flesh tastes terrible. 3 wights come into view.
Found a hunting sling.
A wight comes into view. It is wielding a dagger.
There are monsters nearby!
A wight comes into view. It is wielding a halberd.
The wight completely misses you. The wight closely misses you.
Found 14 gold pieces.
There are monsters nearby!
The wight hits you with an enchanted battleaxe.
You partially resist.
You feel drained.
You take 5 damage, and have 33/38 hp.
The wight closely misses you.
Health restored: 38 You barely miss the wight.
Your grab misses the wight. You squeeze the wight.
The wight is moderately damaged.
The wight hits you with an enchanted battleaxe!
You take 12 damage, and have 26/38 hp.
MASSIVE DAMAGE!!
You are too injured to fight recklessly!
You are too injured to fight recklessly!
You tentacle-slap the wight. You grab the wight.
The wight is heavily damaged.
You constrict the wight, but do no damage.
You are too injured to fight recklessly!
You tentacle-slap the wight.
The wight is heavily damaged.
You constrict the wight, but do no damage.
The wight barely misses you.
The wight hits you from afar with a trident!
* * * LOW HITPOINT WARNING * * *
You partially resist.
You feel drained.
You take 8 damage, and have 18/38 hp.
MASSIVE DAMAGE!!
You tentacle-slap the wight. You squeeze the wight.
The wight is severely damaged.
You constrict the wight.
The wight hits you from afar with a trident.
* * * LOW HITPOINT WARNING * * *
You partially resist.
You feel drained.
The wight hits you with an enchanted battleaxe!
* * * LOW HITPOINT WARNING * * *
You partially resist.
You feel drained.
You take 13 damage, and have 5/38 hp.
MASSIVE DAMAGE!!
You tentacle-slap the wight but do no damage.
The wight is almost destroyed.
You constrict the wight. The wight barely misses you. x2
You tentacle-slap the wight.
You destroy the wight!
The wight hits you from afar with a trident.
* * * LOW HITPOINT WARNING * * *
You take 4 damage, and have 2/38 hp.
You see here a ring mail.
A worker ant comes into view.
The wight misses you.
There is a stone staircase leading up here.
The wight hits you with an enchanted long sword!
* * * LOW HITPOINT WARNING * * *
You partially resist.
You feel drained.
The wight hits you from afar with a trident!
You die...

#%....... #
#.......#.#.#
.......#.#.#. ### .
......... .a
#.#.#.#.#.####.#
.####.#.#.#.#.##...
..................
# #@.......#.#.#
#z#z.....#.#.###..
#.................
#.##.....#.##.##.
#......[.#.##.#
####.....#.##.#
#.....#[##.##
#.....#.##..#
##..........#


You could see 2 wights.

Vanquished Creatures
  An ogre (D:3)
  A wight (D:4)
  2 orc wizards (D:3)
  A worker ant (D:4)
  2 adders (D:3)
  2 dart slugs
  2 leopard geckos
  5 orcs (D:3)
  2 ball pythons (D:1)
  8 bats
  5 giant cockroaches
  3 goblins (D:2)
  7 hobgoblins
  5 frilled lizards
  9 kobolds
  14 rats
69 creatures vanquished.

Notes
Turn   | Place    | Note
-------+----------+-------------------------------------------
     0 | D:1      | Monsterracer the Octopode Transmuter began the quest for the Orb.
     0 | D:1      | Reached XP level 1. HP: 13/13 MP: 3/3
   242 | D:1      | Reached skill level 1 in Stealth
   242 | D:1      | Reached XP level 2. HP: 18/18 MP: 5/5
   868 | D:2      | Reached XP level 3. HP: 23/23 MP: 6/6
   878 | D:2      | Learned a level 2 spell: Sticks to Snakes
   882 | D:2      | Learned a level 3 spell: Spider Form
  1268 | D:2      | Found a basalt altar of Yredelemnul.
  1278 | D:2      | Found a deep blue altar of Sif Muna.
  1621 | D:3      | Reached XP level 4. HP: 18/28 MP: 7/7
  1648 | D:3      | Noticed an ogre
  1661 | D:3      | Killed an ogre
  1661 | D:3      | Reached XP level 5. HP: 33/33 MP: 4/8
  1959 | D:3      | Reached XP level 6. HP: 38/38 MP: 9/9
  2259 | D:4      | HP: 18/38 [wight/trident (9)]
  2260 | D:4      | HP: 5/38 [wight/enchanted battleaxe (10)]
  2262 | D:4      | HP: 2/38 [wight/trident (4)]
  2284 | D:4      | HP: 6/38 [wight/enchanted long sword (8)]
  2284 | D:4      | Slain by a wight

Skill      XL: |  1  2  3  4  5  6 |
---------------+-------------------+-----
Stealth        | 1 3 4 |  4.0
Transmutations | 3 4 |  4.2
Unarmed Combat | 4 |  4.8
Fighting       | |  1.0
Dodging        | |  2.0
Spellcasting   | |  2.0

Action                   |  1- 3 |  4- 6 || total
-------------------------+-------+-------++-------
Melee: Unarmed           |    88 |    56 ||   144
       Constrict         |    24 |    11 ||    35
       Tentacles         |    13 |     9 ||    22
       Kick              |     1 |       ||     1
       Punch             |       |     1 ||     1
 Cast: Beastly Appendage |     4 |       ||     4
       Spider Form       |       |     2 ||     2
 Stab: Sleeping          |    12 |     5 ||    17
  Eat: Chunk             |     2 |     3 ||     5
Armor: Skin              |     8 |     2 ||    10
Dodge: Dodged            |    47 |    38 ||    85

Vault maps used:
D:1:      dpeg_arrival_orchard, corexii_leaking_fountain, minmay_split_cup_small
D:2:      minitemple
D:3:      first_ration
D:4:      uniq_grinder, uniq_pikel
